 Dungeon Crawl Stone Soup version 0.31-a0-192-ga50d7bf3bb (webtiles) character file.

Game seed: 16914388678536646588

705 qw the Skirmisher (level 7, -1/40 HPs)
             Began as a Deep Elf Hunter on June 23, 2023.
             Was a Follower of Okawaru.
             Slain by a water moccasin (6 damage)
             ... on level 5 of the Dungeon.
             The game lasted 00:01:29 (3902 turns).

qw the Skirmisher (Deep Elf Hunter)                 Turns: 3902, Time: 00:01:30

Health: -1/40      AC: 10    Str: 10    XL:     7   Next: 39%
Magic:  9/11       EV: 14    Int: 14    God:    Okawaru [*.....]
Gold:   287        SH:  5    Dex: 18    Spells: 6/6 levels left

rFire   . . .        Y - +0 shortbow
rCold   . . .        (shield currently unavailable)
rNeg    . . .        k - +4 ring mail
rPois   .            (no helmet)
rElec   .            (no cloak)
rCorr   .            (no gloves)
SInv    .            (no boots)
Will    .....        d - amulet of reflection
Stlth   +++          (no ring)
HPRegen 0.26/turn    (no ring)
MPRegen 0.12/turn

%: reflection
@: lethally poisoned (-1 -> -8), heroic
A: no striking features
a: Renounce Religion, Heroism


You were on level 5 of the Dungeon.
You worshipped Okawaru.
Okawaru was aware of your devotion.
You visited 2 branches of the dungeon, and saw 6 of its levels.

You collected 287 gold pieces.


   Skills:
 - Level 2.7(7.7) Fighting
 + Level 10.1(15.1) Ranged Weapons
 - Level 3.1(8.1) Dodging
 - Level 1.2(6.2) Stealth
 + Level 3.6 Invocations


You had 6 spell levels left.
You didn't know any spells.
Your spell library was empty.

Inventory:

Hand Weapons
 Y - a +0 shortbow (weapon)
Armour
 k - a +4 ring mail (worn)
Jewellery
 d - an amulet of reflection (around neck)
 j - a ring of ice
Scrolls
 a - 2 scrolls of teleportation
 h - 2 scrolls of identify
Potions
 b - a potion of invisibility {unknown}
 c - a potion of heal wounds
 e - 5 potions of curing
 f - a potion of ambrosia {unknown}
 g - 2 potions of attraction {unknown}
 i - a potion of haste
 l - a potion of magic {unknown}
 m - 2 potions of berserk rage {unknown}

Dungeon Overview and Level Annotations

Branches:
Dungeon (5/15)             Temple (1/1) D:4

Altars:
Ashenzari
Dithmenos
Elyvilon
Fedhas
Hepliaklqana
Kikubaaqudgha
Makhleb
Nemelex Xobeh
Okawaru
Qazlal
Ru
Sif Muna
Trog
Wu Jian
Zin
The Shining One


Message History

The arrow hits the ice beast but does no damage.
The ice beast is severely wounded.
The water moccasin misses you.
The ice beast hits you but does no damage.
You shoot an arrow.
The arrow hits the ice beast but does no damage.
The ice beast is severely wounded.
The water moccasin misses you.
The ice beast hits you but does no damage.
The water moccasin bites you.
You shoot an arrow. The arrow hits the ice beast!
The ice beast is almost dead.
The water moccasin bites you. The ice beast closely misses you.
You shoot an arrow. The arrow hits the ice beast!
You kill the ice beast!
Okawaru accepts your kill. The water moccasin bites you.
The water moccasin barely misses you.
Your Dodging skill increases to level 3!
You shoot an arrow. The arrow hits the water moccasin!
The water moccasin is moderately wounded.
The water moccasin closely misses you.
You shoot an arrow.
The arrow closely misses the water moccasin.
The water moccasin bites you.
You shoot an arrow. The arrow hits the water moccasin!
The water moccasin is heavily wounded.
The water moccasin bites you!
You are poisoned.
The water moccasin poisons you! The water moccasin barely misses you.
3900 ||| INVOKING Heroism.
You gain the combat prowess of a mighty hero.
You feel very sick. The water moccasin closely misses you.
You shoot an arrow. The arrow hits the water moccasin!
The water moccasin is almost dead.
You feel sick. The water moccasin bites you!
You shoot an arrow. The arrow hits the water moccasin.
The water moccasin is almost dead.
You feel sick. The water moccasin bites you. x2
You die...

.......(...........#.............
.........##..###.......##.....##.
.#.......##......#.#.#...........
.#.......##.#..#.#...#.#.#...#.#.
#####.......#............#.#.#...
....#..8..#...##.....##.......##
#...#.....##..#...........#.....
#...#.....###.##.###.#....#....#
.....##+++## #..@..........#.....
..... #...S.#....##.......##
..... ###+#.###.....#.#.#... ..#
#...#.#...#.#. ....
........#..... ....
.............. ...##
#..###..###### ...
............... ............##.


You could see a water moccasin.

Vanquished Creatures
  An ice beast (D:5)
  A sky beast (D:4)
  An ogre (D:4)
  A centaur (D:5)
  A phantom (D:5)
  3 hounds
  Ijyb (D:3)
  An iguana (D:4)
  7 adders
  2 worms
  5 dart slugs
  An orc (D:3)
  4 ball pythons
  7 bats
  5 endoplasms
  6 giant cockroaches
  8 goblins
  5 hobgoblins
  4 jackals (D:3)
  3 quokkas
  4 frilled lizards
  4 kobolds
  5 rats
80 creatures vanquished.

Notes
Turn   | Place    | Note
-------+----------+-------------------------------------------
     0 | D:1      | qw the Deep Elf Hunter began the quest for the Orb.
     0 | D:1      | Reached XP level 1. HP: 12/12 MP: 3/3
     0 | D:1      | 0 ||| qw: Version: 0.3-a-9-g12657ce
     0 | D:1      | 0 ||| qw: Game counter: 4557
     0 | D:1      | 0 ||| qw: Always use a shield: true
     0 | D:1      | 0 ||| qw: God list: Okawaru
     0 | D:1      | 0 ||| qw: Allow faded altars: false
     0 | D:1      | 0 ||| qw: Do Orc after D:15 true
     0 | D:1      | 0 ||| qw: Do second Lair branch before Depths: true
     0 | D:1      | 0 ||| qw: Lair rune preference: random
     0 | D:1      | 0 ||| qw: Plans: Normal
     0 | D:1      | 0 ||| PLANNING D:1-11
   135 | D:1      | Reached skill level 6 in Ranged Weapons
   135 | D:1      | Reached XP level 2. HP: 14/16 MP: 4/4
   362 | D:1      | Found a faded altar of an unknown god.
   583 | D:1      | 583 ||| UPGRADING to +0 ring mail.
   593 | D:1      | 593 ||| DROPPING +0 leather armour.
   594 | D:1      | 594 ||| READING scroll labelled COKKOU KUGHOUNG.
   597 | D:1      | 597 ||| READING 2 scrolls labelled QUNKOPRUICK.
   598 | D:1      | 598 ||| DRINKING 2 fizzy inky potions.
   599 | D:1      | 599 ||| DROPPING scroll of butterflies.
   725 | D:2      | Reached XP level 3. HP: 20/20 MP: 5/5
  1055 | D:2      | Reached skill level 7 in Ranged Weapons
  1432 | D:2      | 1432 ||| READING scroll labelled KEZASOMOMO.
  1433 | D:2      | 1433 ||| READING scroll labelled XEIVVO QACOUWN.
  1434 | D:2      | 1434 ||| READING scroll labelled OKLOVV RUXOTAU.
  1521 | D:3      | Identified the +9 mace of Raaj {flame, rC+ rCorr}
  1560 | D:3      | Noticed Ijyb
  1562 | D:3      | HP: 1/20 [disintegration (19)]
  1563 | D:3      | 1563 ||| READING scroll of teleportation.
  1683 | D:3      | Reached XP level 4. HP: 15/25 MP: 6/6
  1981 | D:3      | 1981 ||| FLEEEEING.
  1989 | D:3      | 1989 ||| FLEEEEING.
  1990 | D:3      | 1990 ||| FLEEEEING.
  1991 | D:3      | 1991 ||| FLEEEEING.
  2013 | D:3      | Killed Ijyb
  2014 | D:3      | Reached skill level 8 in Ranged Weapons
  2569 | D:3      | 2569 ||| UPGRADING to +4 ring mail.
  2579 | D:3      | 2579 ||| DROPPING +0 ring mail.
  2580 | D:3      | 2580 ||| UPGRADING to amulet of reflection.
  2585 | D:3      | 2585 ||| READING scroll labelled ZOCATS TAMU.
  2586 | D:3      | 2586 ||| DRINKING 2 white potions.
  2587 | D:3      | 2587 ||| READING 4 scrolls of identify.
  2587 | D:3      | 2587 ||| IDENTIFYING lumpy brown potion
  2588 | D:3      | 2588 ||| READING 3 scrolls of identify.
  2588 | D:3      | 2588 ||| IDENTIFYING bubbling blue potion
  2589 | D:3      | 2589 ||| READING 2 scrolls of identify.
  2589 | D:3      | 2589 ||| IDENTIFYING lumpy pink potion
  2590 | D:3      | 2590 ||| DROPPING potion of degeneration.
  2591 | D:3      | 2591 ||| DROPPING potion of brilliance.
  2619 | D:4      | Found a staircase to the Ecumenical Temple.
  2620 | D:4      | 2620 ||| PLANNING TEMPLE
  2628 | Temple   | Entered the Ecumenical Temple
  2629 | Temple   | 2629 ||| PLANNING OKAWARU WORSHIP
  2650 | Temple   | Became a worshipper of Warmaster Okawaru
  2651 | Temple   | 2651 ||| PLANNING D:1-11
  2677 | D:4      | Reached XP level 5. HP: 29/29 MP: 7/7
  2722 | D:4      | Noticed an ogre
  2728 | D:4      | Killed an ogre
  2729 | D:4      | Reached skill level 9 in Ranged Weapons
  2847 | D:4      | Noticed a sky beast
  2866 | D:4      | Killed a sky beast
  2866 | D:4      | Reached * piety under Okawaru
  2867 | D:4      | Reached XP level 6. HP: 21/36 MP: 8/8
  3018 | D:4      | Reached skill level 1 in Invocations
  3136 | D:4      | Found a bloodstained altar of Trog.
  3313 | D:4      | 3313 ||| READING scroll labelled RACUDD NYSHOV.
  3386 | D:5      | Entered Level 5 of the Dungeon
  3523 | D:5      | 3523 ||| INVOKING Heroism.
  3526 | D:5      | Reached XP level 7. HP: 28/40 MP: 7/10
  3759 | D:5      | 3759 ||| Stepping ~*~*~tactically~*~*~ (outnumbered).
  3762 | D:5      | Reached skill level 10 in Ranged Weapons
  3762 | D:5      | Reached skill level 3 in Invocations
  3897 | D:5      | Reached skill level 3 in Dodging
  3900 | D:5      | 3900 ||| INVOKING Heroism.
  3902 | D:5      | HP: 10/40 [poisoned by a water moccasin]
  3902 | D:5      | Slain by a water moccasin

Levels and vault maps discovered:
D:1:      ldierk_walled_garden, layout_rooms, shapermc_ecumenical_altar_pompeii,
          solitary_fountain
D:2:      layout_basic
D:3:      layout_basic, minmay_quantized, uniq_ijyb
D:4:      layout_cave_pools, lightli_temple_of_fire, minmay_temple_entry_tees
D:5:      nicolae_cairo_tiling_large_dashed, layout_basic, slow_altar_2
Temple:   hellmonk_temple_two_chambers

Skill      XL: |  1  2  3  4  5  6  7 |
---------------+----------------------+-----
Ranged Weapons | 6 7 8 9 10 | 10.1
Fighting       | 2 |  2.7
Invocations    | 2 3 |  3.6
Dodging        | 3 |  3.1
Stealth        | |  1.2

Action                     |  1- 3 |  4- 6 |  7- 9 || total
---------------------------+-------+-------+-------++-------
   Fire: Shortbow          |   142 |   171 |    27 ||   340
 Invoke: Heroism           |       |     1 |     1 ||     2
    Use: Scroll            |     6 |     5 |       ||    11
         Potion            |     1 |     1 |       ||     2
 Armour: Leather armour    |    16 |       |       ||    16
         Ring mail         |    14 |    37 |     3 ||    54
  Dodge: Dodged            |    44 |    42 |    15 ||   101
  Block: Other             |       |    13 |     3 ||    16
         Reflection        |       |     1 |     2 ||     3

Table legend:
 A = Non-vault XP
 B = Vault XP
 C = Vault XP percentage of total XP
 D = Non-vault monster count
 E = Vault monster count
 F = Vault count percentage of total count
                 A         B        C        D         E       F
            +---------+---------+-------+---------+---------+-------
      Total |     966 |      42 |   4.2 |      76 |       4 |   5.0
            +---------+---------+-------+---------+---------+-------
        D:1 |      37 |       0 |   0.0 |      21 |       0 |   0.0
        D:2 |      28 |       0 |   0.0 |      16 |       0 |   0.0
        D:3 |      84 |      42 |  33.3 |      18 |       4 |  18.2
        D:4 |     411 |       0 |   0.0 |      15 |       0 |   0.0
        D:5 |     406 |       0 |   0.0 |       6 |       0 |   0.0
            +---------+---------+-------+---------+---------+-------
